 Dungeon Crawl Stone Soup version 0.28-a0-1184-g53156a8862 (webtiles) character file.

Game seed: 17724357236440045765

12 siradein the Caller (level 2, 0/15 HPs)
             Began as a Vampire Summoner on Dec 17, 2021.
             Slain by a quokka (4 damage)
             ... on level 1 of the Dungeon.
             The game lasted 00:02:13 (240 turns).

siradein the Caller (Vampire Summoner)               Turns: 240, Time: 00:02:13

Health: 0/15       AC:  2    Str:  7    XL:     2   Next: 20%
Magic:  4/5        EV: 12    Int: 17    God:
Gold:   10         SH:  0    Dex: 14    Spells: 4/5 levels left

rFire   . . .      SeeInvis +   f - +0 dagger
rCold   + + .      Faith    .   (no shield)
rNeg    + + +      Spirit   .   a - +0 robe
rPois   ∞          Reflect  .   (no helmet)
rElec   .          Harm     .   (no cloak)
rCorr   .          Rampage  .   (no gloves)
Will    .....                   (no boots)
Stlth   ++++......              (no amulet)
HPRegen 0.00/turn               (no ring)
MPRegen 0.09/turn               (no ring)

@: bloodless, inhibited regen
A: bloodless, fangs 3, see invisible, vampiric 1
a: Revivify


You were on level 1 of the Dungeon.
You visited 1 branch of the dungeon, and saw 1 of its levels.

You collected 10 gold pieces.

Inventory:

Hand Weapons
 f - a +0 dagger (weapon)
Armour
 a - a +0 robe (worn)
Scrolls
 c - a scroll of blinking {unknown}
Potions
 b - a potion of degeneration {unknown}
 e - a potion of brilliance {unknown}


   Skills:
 - Level 2.1 Dodging
 - Level 3.0 Stealth
 + Level 2.4 Spellcasting
 + Level 4.3 Summonings


You had 4 spell levels left.
You knew the following spells:

 Your Spells              Type           Power      Damage    Failure   Level
a - Summon Small Mammal   Summ           64%        N/A       3%          1

Your spell library contained the following spells:

 Spells                   Type           Power      Damage    Failure   Level
 Call Imp                 Summ           16%        N/A       4%          2
 Call Canine Familiar     Summ           16%        N/A       10%         3
 Summon Guardian Golem    Hex/Summ       9%         N/A       22%         3
 Summon Lightning Spire   Summ/Air       9%         N/A       58%         4


Dungeon Overview and Level Annotations

Branches:
Dungeon (1/15)

Altars:


Innate Abilities, Weirdness & Mutations

You do not regenerate when monsters are visible.
You are frail without blood (-20% HP).
You can heal yourself when you bite living creatures.
You are immune to poison.
You have razor-sharp teeth.
You have supernaturally acute eyesight. (SInv)
You are afflicted with vampirism.


Message History

No target in view!
No target in view!
No target in view!
The helpless giant cockroach fails to defend itself.
You puncture the giant cockroach!
You kill the giant cockroach!
Found 16 gold pieces.
A giant cockroach and a kobold come into view.
The ball python bites you but does no damage.
The ball python grabs you. The ball python constricts you.
You closely miss the ball python.
The ball python bites you but does no damage.
The ball python constricts you.
You hit the ball python.
You kill the ball python!
The kobold shouts!
A rat comes into view.
A quokka comes into view.
A bat comes into view.
You hit the kobold but do no damage. You bite the kobold, but do no damage.
The kobold barely misses you.
You closely miss the kobold. You bite the kobold.
You draw the kobold's blood!
You feel better.
The kobold is moderately wounded.
The kobold barely misses you.
You closely miss the bat. The bat misses you.
The kobold hits you with a +0 club. The giant cockroach bites you.
You barely miss the kobold. The bat closely misses you.
The giant cockroach bites you. The kobold misses you.
The quokka closely misses you. The bat hits you. The quokka bites you.
* * * LOW HITPOINT WARNING * * *
You see here a bat corpse.
The quokka closely misses you.
You are too injured to fight recklessly!
Casting: Summon Small Mammal (safe; 3% risk of failure)
Confirm with . or Enter, or press ? or * to list all spells.
The bat hits your quokka but does no damage.
The bat hits your quokka. The quokka bites you.
You die...

##.###.........
#...###K..#...#
#.#...b†.......
#...###...#..##
##.#.........#
#r#.###.##.##
#b#.###.#...####
#rr..##.#.)....#
#.@.........##.# #
##...##....###.##.#
##(###.†.........#
#.# #.######.####
#.# #.# #.# #.# #.#
#.# #.# #.# #.# #.#
#.# #.# #.# ##.##


You could see a quokka (ally target), a bat, a rat and a friendly quokka
(summoned).

Vanquished Creatures
  A dart slug (D:1)
  2 bats (D:1)
  2 giant cockroaches (D:1)
  A ball python (D:1)
  A goblin (D:1)
  A rat (D:1)
8 creatures vanquished.

Vanquished Creatures (collateral kills)
  2 kobolds (D:1)
2 creatures vanquished.

Grand Total: 10 creatures vanquished

Notes
Turn   | Place    | Note
-------+----------+-------------------------------------------
     0 | D:1      | siradein the Vampire Summoner began the quest for the Orb.
     0 | D:1      | Reached XP level 1. HP: 13/13 MP: 3/3
   213 | D:1      | Reached XP level 2. HP: 14/15 MP: 5/5
   240 | D:1      | Slain by a quokka

Illustrated notes

Levels and vault maps discovered:
D:1:      heliophobic_arrival_henge, layout_loops_ring

Action                   || total
-------------------------++-------
Melee: Dagger            ||    15
       Unarmed           ||     2
       Bite              ||     3
 Cast: Summon Small Mamm ||     5
 Abil: Exsanguinate      ||     1
 Stab: Sleeping          ||     6
Armor: Robe              ||     2
Dodge: Dodged            ||    12

Table legend: (Time is in decaauts)
 A = Elapsed time spent in this place.
 B = Non-inter-level travel time spent in this place.
 C = Inter-level travel time spent in this place.
 D = Time resting spent in this place.
 E = Time spent auto-exploring this place.
 F = Levels seen in this place.
 G = Mean time per level.
                   A        B        C        D        E       F      G
               +--------+--------+--------+--------+--------+-----+--------+
         Total |    239 |    239 |      0 |      0 |    121 |   1 |  239.0 |
       Dungeon |    239 |    239 |      0 |      0 |    121 |   1 |  239.0 |
               +--------+--------+--------+--------+--------+-----+--------+

Top non-repeatable levels by time:
     D:1: 239 daAuts
